 Dungeon Crawl Stone Soup version 0.18.1-48-g4cf74bf (webtiles) character file.

217 rlgrobin the Insei (level 5, -7/41 HPs)
             Began as a Mummy Monk on Sept 10, 2016.
             Mangled by a worker ant (8 damage)
             ... on level 4 of the Dungeon.
             The game lasted 00:09:52 (5925 turns).

rlgrobin the Insei (Mummy Monk)                     Turns: 5925, Time: 00:09:53

Health: -7/41      AC:  0    Str: 15    XL:     5   Next: 61%
Magic:  5/5        EV: 14    Int:  9    God:
Gold:   166        SH:  0    Dex: 17    Spells: 0 memorised, 4 levels left

rFire  x . .     SeeInvis .       - Unarmed
rCold  + . .     Gourm    .     (no armour)
rNeg   + + +     Faith    .     (no shield)
rPois  ∞         Spirit   .     (no helmet)
rElec  .         Dismiss  .     (no cloak)
rCorr  .         Reflect  .     (no gloves)
SustAt .         Harm     .     (no boots)
MR     .....                    (no amulet)
Stlth  ++........               g - +2 ring of dexterity
                                (no ring)

@: not resistant to hostile enchantments, unstealthy
A: no food or potions, fire vulnerability, cold resistance 1, negative energy
resistance 3, torment resistance, unbreathing
a: no special abilities


You were on level 4 of the Dungeon.
You were not hungry.

You visited 1 branch of the dungeon, and saw 4 of its levels.

You collected 166 gold pieces.


Innate Abilities, Weirdness & Mutations

You do not eat or drink.
Your flesh is vulnerable to fire.
You are immune to poison.
Your flesh is cold resistant.
You are immune to negative energy.
You are immune to unholy pain and torment.
You can survive without breathing.


   Skills:
 - Level 3.0 Fighting
 + Level 3.7 Dodging
 - Level 1.5 Stealth
 - Level 5.0 Unarmed Combat


You had 4 spell levels left.
You didn't know any spells.

Inventory:

Missiles
 e - 18 poisoned needles (quivered)
 h - 3 large rocks {For very big problems}
Jewellery
 g - a +2 ring of dexterity (right hand)
Scrolls
 a - a scroll of recharging
 b - 3 scrolls of identify {@r1}
 c - a scroll of random uselessness
 d - a scroll of immolation {!r}
 f - a scroll of remove curse
 i - a scroll of teleportation {@r4}

Dungeon Overview and Level Annotations

Branches:
Dungeon (4/15)
 Temple: D:4-7

Altars:
Cheibriados
Fedhas
Gozag
Nemelex Xobeh
Trog
Xom
Zin

Annotations:
D:2 exclusion: downstairs
D:3 Evade, Sigmund

..▒ ▒▒.▒ .... ▒..▒ ▒..▒
▒▒▒.▒▒ ▒..▒ ▒.>.▒ ▒..▒
▒.▒▒▒ ▒..▒ ▒ ▒.▒ ▒..▒
▒.▒▒▒▒.▒ ▒†.▒ ▒....▒.▒
▒▒▒M▒ ▒...▒▒▒▒▒..B▒
▒▒.....▒..▒.▒▒▒▒▒▒▒▒▒▒▒
▒.▒▒▒....▒.▒.........▒
▒..▒...▒.............▒
▒▒.....▒▒▒.▒†..<....<▒
▒▒▒...▒▒..▒.........▒
▒...▒▒.▒▒.........▒
▒▒▒▒..............▒


You could see a worker ant.


Message History

The worker ant is moderately wounded!
The worker ant bites you! * * * don't die
* * * You closely miss the worker ant!
The worker ant is moderately wounded!
The worker ant misses you!
You squash the worker ant like the proverbial ant!
The worker ant is heavily wounded!
The worker ant completely misses you! The worker ant misses you!
You squash the worker ant like the proverbial ant!
The worker ant is severely wounded!
The worker ant misses you!
You squash the worker ant but do no damage!
The worker ant is severely wounded!
The worker ant closely misses you!
You squash the worker ant but do no damage!
Your punch misses the worker ant!
The worker ant is severely wounded!
The worker ant barely misses you!
You closely miss the worker ant!
The worker ant is severely wounded!
The worker ant barely misses you!
You squash the worker ant but do no damage!
The worker ant is severely wounded!
The worker ant bites you! * * * don't die
* * * You barely miss the worker ant!
The worker ant is severely wounded!
The worker ant bites you!!! rip

Action                   |  1- 3 |  4- 6 || total
-------------------------+-------+-------++-------
Melee: Unarmed           |   283 |   120 ||   403
       Punch             |     4 |     5 ||     9
  Use: Scroll            |     4 |     2 ||     6
 Stab: Sleeping          |     2 |       ||     2
       Distracted        |     1 |       ||     1
Dodge: Dodged            |    92 |    63 ||   155

Vault maps used:
D:1:      erik_arrival_orb_chamber
D:2:      gammafunk_temple_overflow_elements, lexackson_kobold_supper
D:3:      lemuel_crystal_altar, grunt_temple_overflow_open, minivault_26,
          uniq_sigmund, uniq_natasha
D:4:      lemuel_upstairs_altar, first_bread

Notes
Turn   | Place    | Note
--------------------------------------------------------------
     0 | D:1      | rlgrobin the Mummy Monk began the quest for the Orb.
     0 | D:1      | Reached XP level 1. HP: 18/18 MP: 1/1
   346 | D:1      | Reached XP level 2. HP: 19/24 MP: 2/2
  1491 | D:1      | Reached skill level 4 in Unarmed Combat
  2127 | D:2      | Reached XP level 3. HP: 26/29 MP: 3/3
  3035 | D:2      | HP: 2/29 [worm (9)]
  4073 | D:2      | Found a sparkling altar of Nemelex Xobeh.
  4073 | D:2      | Found a snail-covered altar of Cheibriados.
  4243 | D:3      | Reached XP level 4. HP: 32/35 MP: 4/4
  4252 | D:3      | Noticed Natasha
  4495 | D:3      | Reached skill level 5 in Unarmed Combat
  4772 | D:3      | Found an opulent altar of Gozag.
  4866 | D:3      | Found a glowing silver altar of Zin.
  4866 | D:3      | Found a bloodstained altar of Trog.
  4866 | D:3      | Found a shimmering altar of Xom.
  4874 | D:3      | Found a blossoming altar of Fedhas.
  4902 | D:3      | Noticed Sigmund
  5004 | D:2      | Reached XP level 5. HP: 29/41 MP: 5/5
  5259 | D:3      | Reached skill level 3 in Dodging
  5301 | D:3      | HP: 3/41 [Natasha/magic dart (9)]
  5303 | D:3      | Killed Natasha
  5913 | D:4      | HP: 4/41 [worker ant (7)]
  5924 | D:4      | HP: 1/41 [worker ant (2)]
  5925 | D:4      | Mangled by a worker ant

Vanquished Creatures
  A hound (D:4)
  Natasha (D:3)
  A worker ant (D:3)
  5 adders
  An ooze (D:3)
  2 worms
  3 dart slugs
  2 giant geckos
  4 orcs (D:3)
  3 bats
  3 giant cockroaches
  7 hobgoblins
  3 quokkas
  3 ball pythons
  2 giant newts
  6 goblins
  9 kobolds
  22 rats
  A plant (D:2)
79 creatures vanquished.
